 Dungeon Crawl Stone Soup version 0.27-a0-684-g359e429f13 (webtiles) character file.

Game seed: 3837696046683722057

8488 Dreamer the Basher (level 11, -4/89 HPs)
             Began as a Formicid Fighter on Mar 20, 2021.
             Was a Believer of Trog.
             Killed from afar by Fannar (31 damage)
             ... with a bolt of cold
             ... on level 9 of the Dungeon.
             The game lasted 00:44:06 (13623 turns).

Dreamer the Basher (Formicid Fighter)              Turns: 13623, Time: 00:44:07

Health: -4/89      AC: 14    Str: 24    XL:     11   Next: 56%
Magic:  11/11      EV:  5    Int:  8    God:    Trog [**....]
Gold:   487        SH: 18    Dex: 10    Spells: 10/10 levels left

rFire    . . .     SeeInvis +   g - +4 dire flail (freeze)
rCold    . . .     Faith    .   p - +0 tower shield
rNeg     . . .     Spirit   .   i - +0 plate armour
rPois    .         Reflect  .   (helmet unavailable)
rElec    .         Harm     .   (no cloak)
rCorr    .         Rampage  .   (no gloves)
Will     +....                  (no boots)
Stlth    ..........             (no amulet)
HPRegen  0.24/turn              (no ring)
MPRegen  0.12/turn              (no ring)

@: no status effects
A: permanent stasis, dig shafts and tunnels, antennae 3, four strong arms
a: Dig, Shaft Self, Renounce Religion, Trog's Hand


You were on level 9 of the Dungeon.
You worshipped Trog.
Trog was pleased with you.
You visited 2 branches of the dungeon, and saw 11 of its levels.

You collected 487 gold pieces.

Inventory:

Hand Weapons
 g - a +4 dire flail of freezing (weapon)
Missiles
 l - 9 curare-tipped darts (quivered)
Armour
 i - a +0 plate armour (worn)
 p - a +0 tower shield (worn)
 y - a scarf of invisibility
Magical Staves
 b - a staff of earth
Jewellery
 e - a ring of fire
Wands
 v - a wand of flame (22)
 w - a wand of acid (9)
Scrolls
 c - 2 scrolls of identify
 j - 2 scrolls of enchant weapon {unknown}
 k - a scroll of blinking {unknown}
 n - 2 scrolls of torment {unknown}
 o - 3 scrolls of enchant armour {unknown}
 r - 3 scrolls of amnesia {unknown}
 s - 5 scrolls of teleportation {unknown}
 u - 2 scrolls of vulnerability {unknown}
 x - 2 scrolls of summoning {unknown}
Potions
 a - 2 potions of flight {unknown}
 d - a potion of cancellation
 f - 3 potions of brilliance
 h - a potion of magic
 m - 2 potions of ambrosia {unknown}
 q - 5 potions of curing
 t - a potion of lignification {unknown}


   Skills:
 + Level 9.2 Fighting
 * Level 11.0 Maces & Flails
 + Level 9.1 Armour
 + Level 10.0 Shields


You had 10 spell levels left.
You didn't know any spells.
Your spell library contained the following spells:

 Spells                   Type           Power      Damage    Failure   Level
 Magic Dart               Conj           0%         1d3       100%        1
 Call Imp                 Summ           0%         N/A       100%        2
 Slow                     Hex            0%         N/A       100%        2
 Conjure Flame            Conj/Fire      0%         6-21      100%        3
 Mephitic Cloud           Conj/Pois/Air  0%         N/A       100%        3
 Blink                    Tloc           Unusable   N/A       N/A         2

Dungeon Overview and Level Annotations

Branches:
Dungeon (10/15)            Temple (1/1) D:7            Lair (0/6) D:10
    Orc: D:9-12

Altars:
Ashenzari
Cheibriados
Dithmenos
Elyvilon
Fedhas
Gozag
Hepliaklqana
Kikubaaqudgha
Makhleb
Nemelex Xobeh
Okawaru
Qazlal
Ru
Sif Muna
Trog
Uskayaw
Vehumet
Wu Jian
Xom
Yredelemnul
Zin
The Shining One

Annotations:
D:9 2 transporters, Allula97's ghost, novice DsBe; Fannar


Innate Abilities, Weirdness & Mutations

You cannot be hasted, slowed, berserked, paralysed or teleported.
You can dig through walls and to a lower floor.
You have a pair of large antennae on your head. (SInv)
Your four strong arms can wield two-handed weapons with a shield.


Message History

You hit the ice beast but do no damage.
The ice beast hits you but does no damage.
You closely miss the ice beast. You block the ice beast's attack.
You puncture the ice beast!
The ice beast is moderately wounded.
The ice beast hits you. The ice beast freezes you.
Your shield and plate armour prevent you from hitting the ice beast.
The ice beast is moderately wounded.
You barely miss the ice beast.
The ice beast is moderately wounded.
The ice beast hits you but does no damage.
You barely miss the ice beast.
The ice beast is moderately wounded.
The ice beast hits you but does no damage.
You hit the ice beast.
The ice beast is moderately wounded.
You block the ice beast's attack.
You barely miss the ice beast.
The ice beast is moderately wounded.
The ice beast hits you but does no damage.
You sock the ice beast!
The ice beast is almost dead.
You block the ice beast's attack.
You puncture the ice beast!
You kill the ice beast!
You barely miss Fannar.
Fannar is moderately wounded.
You block Fannar's attack.
Fannar hits you with a +0 quarterstaff of freezing.
Fannar freezes you.
* * * LOW HITPOINT WARNING * * *
You barely miss Fannar.
Fannar is moderately wounded.
You block Fannar's attack.
You hit Fannar but do no damage.
Fannar is moderately wounded.
Fannar completely misses you. Fannar casts a spell at you.
The bolt of cold hits you!!
You die...

...##.####.....# #.##.#
#####.# #..##.# #.##.#
#####.####..##.# #.##.#
............#..# #.##.#
###.........#.## #.##.#
..........o...# #..#.#
..........##.#### ##.#.#
.^........#..##e###..#.#
#.....###.#o##{#@##.##.#
.....## #.#...#####5##.#
...#.####.#e####....##.#
##..........##...#####.#
####.#.###.....### #.#
.....#.# ##...## #.#
####.#.####.#..## #.# #
#............######.## #
###.###..........#...#


You could see Fannar (fast, icy armour).

Vanquished Creatures
  Erica (D:9)
  2 two-headed ogres
  Sonja (D:10)
  Pikel (D:9)
  A manticore (D:10)
  Sigmund (D:2)
  3 yaks (D:9)
  A steam dragon (D:9)
  2 water moccasins
  2 orc warriors
  A sky beast (D:6)
  An ice beast (D:3)
  5 ogres
  A necrophage (D:5)
  4 centaurs
  2 phantoms
  A kobold brigand (D:9)
  A bullfrog (D:10)
  2 gnoll sergeants
  A water moccasin zombie (D:10)
  A water moccasin skeleton (D:9)
  3 scorpions
  3 killer bees (D:9)
  2 electric eels (D:10)
  5 howler monkeys
  13 wights
  2 centaur zombies
  A quasit (D:6)
  6 hounds
  A jelly (D:7)
  3 orc priests
  A centaur skeleton (D:4)
  A bullfrog skeleton (D:5)
  3 iguanas
  6 orc wizards
  4 worker ants
  A hound zombie (D:8)
  2 hound skeletons
  A worker ant zombie (D:8)
  17 gnolls
  9 adders
  5 shadow imps
  4 ufetubi
  An ooze (D:3)
  An adder skeleton (D:9)
  2 worms
  5 dart slugs
  3 leopard geckos
  21 orcs
  2 ball pythons
  9 bats
  7 giant cockroaches
  9 hobgoblins
  6 jackals
  14 kobolds
  3 quokkas
  2 frilled lizards
  7 goblins
  2 goblin zombies (D:6)
  A jackal skeleton (D:4)
  A kobold skeleton (D:6)
  2 leopard gecko skeletons
  An orc skeleton (D:6)
  2 orc zombies (D:6)
  A quokka zombie (D:6)
  6 rats
236 creatures vanquished.

Vanquished Creatures (others)
  17 plants
17 creatures vanquished.

Grand Total: 253 creatures vanquished

Notes
Turn   | Place    | Note
-------+----------+-------------------------------------------
     0 | D:1      | Dreamer the Formicid Fighter began the quest for the Orb.
     0 | D:1      | Reached XP level 1. HP: 18/18 MP: 1/1
   253 | D:1      | Reached XP level 2. HP: 24/24 MP: 2/2
   708 | D:1      | Reached XP level 3. HP: 29/29 MP: 3/3
  1697 | D:2      | Reached XP level 4. HP: 16/37 MP: 4/4
  1924 | D:1      | Reached skill level 3 in Maces & Flails
  2424 | D:2      | Noticed Sigmund
  2735 | D:2      | Reached XP level 5. HP: 42/42 MP: 5/5
  3391 | D:2      | Killed Sigmund
  3392 | D:2      | Reached skill level 4 in Maces & Flails
  3392 | D:2      | Reached XP level 6. HP: 22/49 MP: 6/6
  3684 | D:3      | Reached skill level 5 in Shields
  4023 | D:3      | Reached XP level 7. HP: 55/55 MP: 7/7
  4622 | D:4      | Reached skill level 5 in Fighting
  4622 | D:4      | Reached skill level 5 in Armour
  4671 | D:4      | Reached skill level 5 in Maces & Flails
  5197 | D:5      | Entered Level 5 of the Dungeon
  5232 | D:5      | Found a transporter.
  5237 | D:5      | Found a transporter.
  5359 | D:5      | Reached XP level 8. HP: 43/62 MP: 8/8
  5797 | D:5      | Identified the +5 rapier of the Hierophant {venom, Int+5}
  5921 | D:5      | Reached skill level 6 in Maces & Flails
  6343 | D:6      | Found a glowing golden altar of the Shining One.
  6625 | D:6      | Reached XP level 9. HP: 50/69 MP: 9/9
  7558 | D:7      | Found an opulent altar of Gozag.
  7795 | D:7      | Reached skill level 7 in Maces & Flails
  8476 | D:7      | HP: 1/71 [orc warrior/+0 halberd (10)]
  8837 | D:7      | Reached skill level 8 in Maces & Flails
  9226 | D:7      | Identified the +2 scale mail of the Kettle-Drum {+Blink}
  9461 | D:7      | Found a staircase to the Ecumenical Temple.
  9500 | Temple   | Entered the Ecumenical Temple
  9507 | Temple   | Became a worshipper of Trog the Wrathful
 10097 | D:8      | Reached XP level 10. HP: 62/78 MP: 10/10
 10314 | D:8      | Noticed a two-headed ogre
 10329 | D:8      | Killed a two-headed ogre
 10330 | D:8      | Reached skill level 9 in Maces & Flails
 10898 | D:8      | Reached * piety under Trog
 11579 | D:9      | Noticed Pikel
 11795 | D:9      | Noticed a two-headed ogre
 11805 | D:9      | Killed a two-headed ogre
 12045 | D:9      | Killed Pikel
 12046 | D:9      | Reached skill level 10 in Maces & Flails
 12048 | D:9      | Reached XP level 11. HP: 62/87 MP: 11/11
 12115 | D:9      | Noticed Erica
 12128 | D:9      | Killed Erica
 12420 | D:9      | Noticed a catoblepas
 12424 | D:9      | Noticed a moth of wrath
 12432 | D:9      | Noticed Allula97's ghost (novice DsBe)
 12444 | D:9      | Found a transporter.
 12463 | D:9      | Found a transporter.
 12859 | D:10     | Entered Level 10 of the Dungeon
 12859 | D:10     | Noticed Sonja
 12885 | D:10     | Killed Sonja
 13135 | D:10     | Found a staircase to the Lair.
 13356 | D:10     | Noticed a manticore
 13408 | D:10     | Killed a manticore
 13409 | D:10     | Reached skill level 11 in Maces & Flails
 13426 | D:10     | Reached skill level 10 in Shields
 13504 | D:10     | Reached ** piety under Trog
 13584 | D:10     | Noticed Fannar
 13623 | D:9      | Killed from afar by Fannar

Illustrated notes

Levels and vault maps discovered:
D:1:      dpeg_arrival_rooms_c, layout_loops_ring, roderic_lattice_a,
          grunt_decor_one_mirror, hangedman_decor_push
D:2:      layout_rooms, uniq_sigmund
D:3:      layout_basic
D:4:      layout_rooms, minmay_misc_feat_diagonals
D:5:      gammafunk_wand_slinger, layout_basic
D:6:      layout_loops_ring, nicolae_tso_besieged_by_evil, st_stairs_14,
          hangedman_decor_opposing
D:7:      wad_pebble_path, layout_cave_pools, minmay_temple_entry_poolview,
          dk_noncrumbling_4, nicolae_gozag_seed_capital
D:8:      layout_gridville
D:9:      layout_rooms, gammafunk_ghost_berserking_beasts, uniq_pikel,
          uniq_erica
D:10:     layout_roguey, lair_entry_dummy, serial_bayou_ford_a,
          lemuel_another_geyser, uniq_sonja, uniq_joseph, uniq_fannar
Temple:   nicolae_temple_the_god_donut

Skill      XL: |  1  2  3  4  5  6  7  8  9 10 11 |
---------------+----------------------------------+-----
Shields        | 4 5 6 7 9 10 | 10.0
Maces & Flails | 3 4 5 6 8 10 11 | 11.0
Armour         | 4 5 6 7 8 9 |  9.1
Fighting       | 4 5 6 7 8 9 |  9.2

Action                   |  1- 3 |  4- 6 |  7- 9 | 10-12 || total
-------------------------+-------+-------+-------+-------++-------
Melee: Flail             |   123 |   174 |   409 |       ||   706
       Dire flail        |       |       |    76 |   236 ||   312
Throw: Dart              |       |     4 |       |       ||     4
 Abil: Dig               |       |       |     6 |     7 ||    13
  Use: Scroll            |       |       |     3 |     3 ||     6
       Potion            |       |       |     2 |       ||     2
 Stab: Distracted        |       |       |     1 |       ||     1
Armor: Scale mail        |    33 |       |       |       ||    33
       Plate armour      |    56 |   136 |   183 |    71 ||   446
Dodge: Dodged            |    30 |    63 |    71 |    28 ||   192
Block: Kite shield       |    79 |   139 |   156 |       ||   374
       Tower shield      |       |       |   111 |   156 ||   267

Table legend: (Time is in decaauts)
 A = Elapsed time spent in this place.
 B = Non-inter-level travel time spent in this place.
 C = Inter-level travel time spent in this place.
 D = Time resting spent in this place.
 E = Time spent auto-exploring this place.
 F = Levels seen in this place.
 G = Mean time per level.
                   A        B        C        D        E       F      G
               +--------+--------+--------+--------+--------+-----+--------+
         Total |  13881 |  13704 |    177 |   4067 |   6523 |  11 | 1261.9 |
       Dungeon |  13577 |  13400 |    177 |   4067 |   6242 |  10 | 1357.7 |
        Temple |    303 |    303 |      0 |      0 |    281 |   1 |  303.0 |
               +--------+--------+--------+--------+--------+-----+--------+

Top non-repeatable levels by time:
     D:1: 2685 daAuts
     D:7: 2300 daAuts
     D:9: 1419 daAuts
     D:8: 1357 daAuts
     D:5: 1300 daAuts
     D:2: 1079 daAuts
     D:6: 963 daAuts
     D:3: 926 daAuts
     D:4: 802 daAuts
    D:10: 743 daAuts
  Temple: 303 daAuts
